 Dungeon Sprint DCSS version 0.28-a0-1524-ge72afd5fc6 (webtiles) character file.

Game seed: 16961656283699938451

95266 mhtbhm the Conqueror (level 15, -5/174 HPs)
             Began as a Minotaur Fighter on Jan 17, 2022.
             Was an Initiate of Gozag.
             Slain by a vampire knight (10 damage)
             ... in the Dungeon (Sprint III: "The Ten Rune Challenge").
             The game lasted 00:33:45 (13374 turns).

mhtbhm the Conqueror (Minotaur Fighter)            Turns: 13374, Time: 00:33:48

Health: -5/174     AC: 22    Str: 34    XL:     15   Next: 29%
Magic:  14/14      EV: 21    Int:  7    God:    Gozag
Gold:   7596       SH: 15    Dex: 18    Spells: 14/14 levels left

rFire   + . .      SeeInvis +   t - +6 demon whip (vamp)
rCold   + + .      Faith    .   c - +0 buckler
rNeg    + + .      Spirit   .   b - +8 scale mail of Moral Flaws {Str+4 Dex+6 Slay-2 SInv}
rPois   .          Reflect  +   d - +0 hat
rElec   +          Harm     .   (no cloak)
rCorr   .          Rampage  .   (no gloves)
Will    +....      NoTele   +   P - +2 pair of boots
Stlth   +++.......              s - amulet of reflection
HPRegen 0.39/turn               G - ring "Repror" {rF+ rC+ Int+2}
MPRegen 0.14/turn               S - ring "Goir" {*Corrode rElec rC+ rN++ Str+4}

@: corroded, studying 2 skills
A: horns 2, retaliatory headbutt, iridescent scales 1, MP-powered wands
}: 1/10 runes: serpentine
a: Renounce Religion, Potion Petition, Call Merchant, Bribe Branch


You were in the Dungeon.
You worshipped Gozag.
Gozag was greatly pleased with you.
You visited 1 branch You collected 22870 gold pieces.
You spent 5770 gold pieces at shops.
You paid 9504 gold pieces to Gozag.

Inventory:

Hand Weapons
 a - a +3 morningstar of holy wrath
 q - the +2 broad axe of the Skies Above {flame, rElec rC+ Dex+4 Stlth-}
   (You bought it in a shop in the Dungeon)

   It burns those it strikes, dealing additional fire damage.
   Big, fiery blades are also staple armaments of hydra-hunters.
   Dex:       It affects your dexterity (+4).
   rC:        It protects you from cold.
   rElec:     It insulates you from electricity.
   Stlth:     It makes you less stealthy.
 t - a +6 vampiric demon whip (weapon)
 B - the +3 Elemental Staff {rElec rF++ rC++ AC+5}
   (You found it in the Dungeon)

   If the wielder is skilled in Evocations, they can discharge powerful blasts
   of elemental energy when striking with it.
   It enhances your fire, ice, earth and air magic.
   AC:        It affects your AC (+5).
   rF:        It greatly protects you from fire.
   rC:        It greatly protects you from cold.
   rElec:     It insulates you from electricity.
 C - a +5 eveningstar of venom
Missiles
 r - 7 curare-tipped darts (quivered)
 D - 4 javelins
Armour
 b - the +8 scale mail of Moral Flaws (worn) {Str+4 Dex+6 Slay-2 SInv}
   (You bought it in a shop in the Dungeon)

   Str:       It affects your strength (+4).
   Dex:       It affects your dexterity (+6).
   Slay:      It affects your accuracy & damage with ranged weapons and melee
   (-2).
   SInv:      It lets you see invisible.
 c - a +0 buckler (worn)
 d - a +0 hat (worn)
 P - a +2 pair of boots (worn)
Jewellery
 s - an amulet of reflection (around neck)
 u - a ring of flight
 v - a +6 ring of strength
 G - the ring "Repror" (left hand) {rF+ rC+ Int+2}
   (You found it in the Dungeon)

   [ring of protection from cold]

   Int:       It affects your intelligence (+2).
   rF:        It protects you from fire.
   rC:        It protects you from cold.
 I - a ring of willpower
 S - the ring "Goir" (right hand) {*Corrode rElec rC+ rN++ Str+4}
   (You bought it in a shop in the Dungeon)

   [ring of protection from cold]

   Str:       It affects your strength (+4).
   rC:        It protects you from cold.
   rElec:     It insulates you from electricity.
   rN:        It greatly protects you from negative energy.
   *Corrode:  It may corrode you when you take damage.
Wands
 f - a wand of digging (4)
 o - a wand of flame (17)
 w - a wand of mindburst (12)
 A - a wand of iceblast (8)
 K - a wand of acid (23)
Scrolls
 e - a scroll of holy word
 j - 5 scrolls of amnesia
 n - 5 scrolls of torment
 x - 2 scrolls of vulnerability
 y - a scroll of silence
 z - 2 scrolls of brand weapon
 H - 2 scrolls of enchant armour
 J - a scroll of blinking
Potions
 g - a potion of lignification
 h - 2 potions of magic
 i - a potion of attraction
 k - 7 potions of mutation
 m - 2 potions of flight
 E - 3 potions of invisibility
 F - a potion of haste
 M - 2 potions of might
 N - 2 potions of heal wounds
 O - 6 potions of curing
 Q - a potion of berserk rage
 R - 2 potions of resistance
 T - a potion of ambrosia
Miscellaneous
 p - a condenser vane
 L - a phantom mirror


   Skills:
 O Level 27 Fighting
 + Level 26.7 Maces & Flails
 + Level 3.1 Throwing
 + Level 22.6 Armour
 + Level 16.1 Dodging
 + Level 9.9 Stealth
 + Level 22.2 Shields
 + Level 7.0 Evocations


You had 14 spell levels left.
You didn't know any spells.
Your spell library contained the following spells:

 Spells                   Type           Power      Damage    Failure   Level
 Slow                     Hex            0%         N/A       56%         1
 Blink                    Tloc           0%         N/A       71%         2
 Ensorcelled Hibernation  Hex/Ice        0%         N/A       71%         2
 Scorch                   Fire           0%         2d5       71%         2
 Confusing Touch          Hex            0%         N/A       90%         3
 Spider Form              Tmut/Pois      0%         N/A       90%         3
 Vampiric Draining        Necr           0%         2d6       90%         3
 Anguish                  Hex/Necr       0%         N/A       100%        4
 Flame Wave               Conj/Fire      0%         2d4       100%        4
 Leda's Liquefaction      Hex/Erth       0%         N/A       100%        4
 Lee's Rapid Deconstruct  Erth           0%         3d5*      100%        5
 Manifold Assault         Tloc           0%         N/A       100%        5
 Statue Form              Tmut/Erth      0%         N/A       100%        6
 Summon Cactus Giant      Summ           0%         N/A       100%        6
 Storm Form               Tmut/Air       0%         N/A       100%        7


Dungeon Overview and Level Annotations

Branches:
Dungeon (1/1)

Altars:
Cheibriados
Dithmenos
Elyvilon
Fedhas
Gozag
Hepliaklqana
Kikubaaqudgha
Makhleb
Nemelex Xobeh
Okawaru
Qazlal
Ru
Sif Muna
Trog
Uskayaw
Vehumet
Wu Jian
Xom
Yredelemnul
Zin
The Shining One
Beogh
Jiyva
Lugonu

Shops:
D ([?:((!![!=[![::::?*=![[(

Annotations:
D Mara


Innate Abilities, Weirdness & Mutations

You have a pair of horns on your head.
You reflexively headbutt those who attack you in melee.
You are partially covered in iridescent scales. (AC +2)
You expend magic power (3 MP) to strengthen your wands.


Message History

The molten gargoyle hits you but does no damage.
The vampire knight hits you with a +2 war axe of freezing.
The vampire knight bites you.
The vampire knight hits you with a +0 great mace!
The vampire knight bites you but does no damage.
The vampire knight hits you with a +2 war axe of freezing!!
* * * LOW HITPOINT WARNING * * *
The vampire knight bites you but does no damage.
The vampire knight hits you with a +0 great mace.
* * * LOW HITPOINT WARNING * * *
The vampire knight bites you but does no damage.
Mara blinks!
The molten gargoyle hits you with a +0 mace!
* * * LOW HITPOINT WARNING * * *
You are engulfed in flames.
You resist.
* * * LOW HITPOINT WARNING * * *
You can move again.
Unknown command.
Unknown command.
Unknown command.
Okay, then.
You feel much better.
The vampire knight hits you but does no damage.
You block the vampire knight's attack.
The vampire knight hits you with a +0 great mace!
* * * LOW HITPOINT WARNING * * *
You block the vampire knight's attack.
Mara hits you with a +4 demon blade of venom!
* * * LOW HITPOINT WARNING * * *
The molten gargoyle blasts magma at you!
The bolt of magma hits you! You partially resist.
* * * LOW HITPOINT WARNING * * *
The vampire knight hits you with a +2 war axe of freezing!
* * * LOW HITPOINT WARNING * * *
The vampire knight freezes you.
* * * LOW HITPOINT WARNING * * *
The vampire knight bites you but does no damage.
The vampire knight hits you with a +0 great mace!
You die...
Your body crumbles into a pile of gold.

##############§#§§....###########
....##.#.#.#.#........#[#.#.#.#.#
....##................#)#'#)#'#'#
######...?............#..^....^..
########'##############..........
#...###...##,*≈≈≈≈§§###'#'#)#'#'#
#...##.....##+#.≈≈P§#.#.#)#.#.#.#
#[###.......###.9.P§#.▓+▓▓▓▓▓▓▓▓▓
'...'..∩....'..R@V....▓,^*,,,,,,,
#'###.......#####VP≈#.▓,,*^,,,,^,
#≈≈≈##.....##^^.##P§#.▓,,*,,*****
#'#'###...###^#..##+##▓,,*,,*,,,,
#.#.# ##'####.##.#*,,,▓,,*,,*,,,,
#)#####.≈≈≈'#^##.####.▓,,*,^*,,,,
#..'∩∩#.≈≈.#^^##......▓,,*^,*,,,,
####∩∩#.≈≈.#######'###▓,,*,,*+***
.###..#..≈.#..'))...≈.▓,,*,,*,,,,


You could see Mara, 2 vampire knights and a molten gargoyle.

Vanquished Creatures
  Mennas (D)
  Boris (D)
  Sigmund (D)
  Nikola (D)
  4 bone dragons (D)
  Rupert (D)
  A deep elf master archer (D)
  Gastronok (D)
  An Executioner (D)
  A storm dragon (D)
  Chuck (D)
  Roxanne (D)
  A nagaraja (D)
  3 vampire knights (D)
  2 dire elephants (D)
  3 deep elf annihilators (D)
  A deep elf demonologist (D)
  Azrael (D)
  A mummy priest (D)
  2 deep elf death magi (D)
  A fire dragon (D)
  4 yaktaur captains (D)
  Josephine (D)
  2 hydras (D)
  A naga warrior (D)
  2 hell beasts (D)
  An anaconda (D)
  2 centaur warriors (D)
  A titan zombie (D)
  Urug (D)
  2 sun demons (D)
  2 soul eaters (D)
  A shadow wraith (D)
  A death drake (D)
  4 deep elf knights (D)
  A death drake (shapeshifter) (D)
  2 skeletal warriors (D)
  2 golden dragon zombies (D)
  An obsidian statue (D)
  A spectral iron dragon (D)
  A lindwurm (D)
  2 deep elf pyromancers (D)
  3 orc knights (D)
  3 ugly things (D)
  3 deep elf zephyrmancers (D)
  4 crystal guardians (D)
  2 oklob plants (D)
  2 elephants (D)
  A guardian serpent (D)
  8 statues (D)
  Edmund (D)
  An unseen horror (D)
  7 black mambas (D)
  2 cane toads (D)
  A rime drake (D)
  A komodo dragon (D)
  An anaconda simulacrum (D)
  2 ice devils (D)
  A yaktaur (D)
  5 guardian mummies (D)
  4 spriggan defenders (D)
  2 tyrant leeches (D)
  A queen bee (D)
  3 hornets (D)
  5 blink frogs (D)
  2 orc high priests (D)
  8 slime creatures (D)
  A tarantella (shapeshifter) (D)
  A shadow (D)
  3 redbacks (D)
  3 iron troll simulacra (D)
  A swamp worm (shapeshifter) (D)
  4 water moccasins (D)
  2 nagas (D)
  A spatial vortex (D)
  2 hydra simulacra (D)
  A swamp drake (D)
  4 orc warriors (D)
  2 black mamba simulacra (D)
  A necrophage (D)
  2 centaurs (D)
  An earth elemental (D)
  3 wandering mushrooms (D)
  A water elemental (D)
  A scorpion (D)
  32 killer bees (D)
  An electric eel (D)
  3 orc priests (D)
  A jelly (D)
  A wizard (D)
  Jessica (D)
  2 necromancers (D)
  2 orc wizards (D)
  3 humans (D)
  A kobold demonologist (D)
  5 adders (D)
  An adder zombie (D)
  2 adder simulacra (D)
  9 orcs (D)
  An endoplasm (D)
  A ball python simulacrum (D)
  2 rats (D)
240 creatures vanquished.

Vanquished Creatures (others)
  A draconian knight (D)
  4 dancing weapons (D)
  3 electric eels (D)
  3 ball lightnings (D)
  5 ballistomycete spores (D)
  A bush (D)
  14 plants (D)
31 creatures vanquished.

Grand Total: 271 creatures vanquished

Notes
Turn   | Place    | Note
-------+----------+-------------------------------------------
     0 | D        | mhtbhm the Minotaur Fighter began the quest for the Orb.
     0 | D        | Reached XP level 1. HP: 19/19 MP: 0/0
    11 | D        | Reached skill level 4 in Fighting
    43 | D        | Noticed Jessica
    46 | D        | Killed Jessica
    47 | D        | Reached skill level 5 in Fighting
    47 | D        | Reached skill level 5 in Armour
    47 | D        | Reached skill level 5 in Shields
    47 | D        | Reached XP level 2. HP: 29/29 MP: 1/1
    47 | D        | Reached XP level 3. HP: 36/36 MP: 2/2
   153 | D        | Noticed a scorpion
   158 | D        | Killed a scorpion
   159 | D        | Reached skill level 7 in Fighting
   159 | D        | Reached XP level 4. HP: 42/47 MP: 3/3
   175 | D        | Gained mutation: You expend magic power (3 MP) to
                  | strengthen your wands. [potion of mutation]
   175 | D        | Gained mutation: You are partially covered in iridescent
                  | scales. (AC +2) [potion of mutation]
   190 | D        | Noticed a water elemental
   193 | D        | Killed a water elemental
   194 | D        | Reached skill level 5 in Maces & Flails
   194 | D        | Reached XP level 5. HP: 53/53 MP: 4/4
   331 | D        | Found a basalt altar of Yredelemnul.
   331 | D        | Found a shadowy altar of Dithmenos.
   331 | D        | Found a sacrificial altar of Ru.
   331 | D        | Noticed a necrophage
   334 | D        | Reached skill level 8 in Fighting
   336 | D        | Killed a necrophage
   337 | D        | Reached XP level 6. HP: 62/62 MP: 5/5
   360 | D        | Found a radiant altar of Vehumet.
   360 | D        | Found a shimmering blue altar of Sif Muna.
   360 | D        | Found an ancient bone altar of Kikubaaqudgha.
   362 | D        | Noticed a red devil
   368 | D        | Reached skill level 9 in Fighting
   528 | D        | Noticed a shadow
   532 | D        | Killed a shadow
   533 | D        | Reached skill level 10 in Fighting
   533 | D        | Reached skill level 10 in Armour
   549 | D        | Found a blossoming altar of Fedhas.
   549 | D        | Found a stormy altar of Qazlal.
   549 | D        | Found a snail-covered altar of Cheibriados.
   549 | D        | Found a burning altar of Makhleb.
   549 | D        | Found a shimmering altar of Xom.
   550 | D        | Found a hazy altar of Hepliaklqana.
   550 | D        | Found an opulent altar of Gozag.
   550 | D        | Found a sparkling altar of Nemelex Xobeh.
   550 | D        | Found a corrupted altar of Lugonu.
   550 | D        | Found a viscous altar of Jiyva.
   550 | D        | Noticed a spatial vortex
   559 | D        | Killed a spatial vortex
   560 | D        | Reached XP level 7. HP: 44/73 MP: 6/6
   562 | D        | Became a worshipper of Gozag Ym Sagoz the Greedy
   690 | D        | Found a hide-covered altar of Uskayaw.
   690 | D        | Found an iron altar of Okawaru.
   690 | D        | Found a bloodstained altar of Trog.
   690 | D        | Found an ornate altar of the Wu Jian Council.
   690 | D        | Noticed a human
   690 | D        | Noticed a human
   711 | D        | Killed a human
   713 | D        | Killed a human
   714 | D        | Reached skill level 11 in Fighting
   714 | D        | Reached skill level 10 in Maces & Flails
   714 | D        | Reached skill level 1 in Dodging
   714 | D        | Reached skill level 1 in Stealth
   714 | D        | Reached skill level 10 in Shields
   737 | D        | Found a glowing silver altar of Zin.
   737 | D        | Found a glowing golden altar of the Shining One.
   737 | D        | Found a white marble altar of Elyvilon.
   738 | D        | Noticed a deep elf pyromancer
   739 | D        | Noticed a fire elemental
   742 | D        | Killed a deep elf pyromancer
   743 | D        | Reached XP level 8. HP: 68/82 MP: 7/7
   832 | D        | Noticed Josephine
   843 | D        | Killed Josephine
   844 | D        | Reached skill level 12 in Fighting
   910 | D        | Reached XP level 9. HP: 67/90 MP: 8/8
  1014 | D        | Found Minkewk's Antique Weapon Boutique.
  1031 | D        | Reached skill level 1 in Evocations
  1047 | D        | Noticed an orc knight
  1052 | D        | Noticed an orc knight
  1067 | D        | Killed an orc knight
  1068 | D        | Reached skill level 13 in Fighting
  1077 | D        | HP: 2/93 [orc priest/divine providence (15)]
  1489 | D        | Killed an orc knight
  1490 | D        | Reached skill level 15 in Maces & Flails
  1828 | D        | Bought a glowing morningstar for 161 gold pieces
  1860 | D        | Noticed a centaur warrior
  1873 | D        | Killed a centaur warrior
  1875 | D        | Reached XP level 10. HP: 50/102 MP: 9/9
  1896 | D        | Reached skill level 14 in Fighting
  1896 | D        | Reached skill level 5 in Dodging
  2597 | D        | Reached skill level 15 in Armour
  2706 | D        | Noticed a cane toad
  2706 | D        | Noticed a cane toad
  2709 | D        | Killed a cane toad
  2710 | D        | Reached skill level 15 in Fighting
  2730 | D        | Killed a cane toad
  3093 | D        | Reached XP level 11. HP: 40/113 MP: 10/10
  3674 | D        | Bought a +4 chain mail of cold resistance for 472 gold
                  | pieces
  3730 | D        | Reached skill level 16 in Fighting
  3815 | D        | Noticed Rupert
  3858 | D        | Killed Rupert
  4111 | D        | Noticed a dire elephant
  4111 | D        | Noticed a dire elephant
  4112 | D        | Noticed Gastronok
  4128 | D        | Killed a dire elephant
  4135 | D        | Killed a dire elephant
  4136 | D        | Reached skill level 17 in Fighting
  4144 | D        | Killed Gastronok
  4512 | D        | Bought a fine broad axe for 234 gold pieces
  4512 | D        | Identified the +2 broad axe of the Skies Above {flame,
                  | rElec rC+ Dex+4 Stlth-} (You bought it in a shop in the
                  | Dungeon)
  4537 | D        | Noticed Sigmund
  4537 | D        | Noticed Edmund
  4565 | D        | Killed Edmund
  4570 | D        | Killed Sigmund
  4571 | D        | Reached skill level 18 in Fighting
  4571 | D        | Reached XP level 12. HP: 40/128 MP: 11/11
  5061 | D        | Found Raos's Jewellery Shop.
  5061 | D        | Found Esecyf's Antique Weapon Shoppe.
  5061 | D        | Found Pihettyz's Magic Scroll Boutique.
  5061 | D        | Found Reykecun's General Store.
  5061 | D        | Found Cotyajec's Antique Armour Shop.
  5061 | D        | Found Iriazu's Antique Armour Emporium.
  5061 | D        | Found Foinoliu's Distillery.
  5062 | D        | Found Urail's Book Boutique.
  5062 | D        | Found Higis's Book Shoppe.
  5062 | D        | Found Zeklil's Book Shop.
  5062 | D        | Found Touvviff's Book Emporium.
  5238 | D        | Reached skill level 5 in Stealth
  5502 | D        | Bought a potion of heal wounds for 65 gold pieces
  5502 | D        | Bought a potion of curing for 39 gold pieces
  5502 | D        | Bought a potion of resistance for 130 gold pieces
  5502 | D        | Bought a potion of mutation for 104 gold pieces
  5506 | D        | Bought a ring of flight for 245 gold pieces
  5507 | D        | Bought a +6 ring of strength for 760 gold pieces
  5507 | D        | Bought a scroll of enchant weapon for 97 gold pieces
  5507 | D        | Bought 2 scrolls of identify for 52 gold pieces
  5507 | D        | Bought a scroll of magic mapping for 45 gold pieces
  5522 | D        | Bought a scroll of immolation for 45 gold pieces
  5523 | D        | Bought a scroll of brand weapon for 280 gold pieces
  5573 | D        | Reached skill level 19 in Fighting
  5698 | D        | Found the +3 Elemental Staff {rElec rF++ rC++ AC+5}
  5762 | D        | Noticed a centaur warrior
  5767 | D        | Reached skill level 10 in Dodging
  5773 | D        | Killed a centaur warrior
  5821 | D        | Noticed a fire dragon
  5835 | D        | Killed a fire dragon
  5916 | D        | Reached skill level 15 in Shields
  6310 | D        | Noticed a yaktaur captain
  6312 | D        | Noticed a yaktaur captain
  6312 | D        | Noticed a yaktaur captain
  6351 | D        | Killed a yaktaur captain
  6352 | D        | Reached skill level 20 in Fighting
  6385 | D        | Killed a yaktaur captain
  6686 | D        | Killed a yaktaur captain
  6800 | D        | Noticed Azrael
  6805 | D        | Killed Azrael
  6928 | D        | Acquired 889 gold pieces
  6932 | D        | Acquired a +6 vampiric demon whip
  6981 | D        | Reached XP level 13. HP: 127/140 MP: 12/12
  7023 | D        | Noticed Urug
  7031 | D        | Killed Urug
  7449 | D        | Bought a potion of heal wounds for 85 gold pieces
  7449 | D        | Bought a potion of invisibility for 136 gold pieces
  7449 | D        | Bought a potion of heal wounds for 85 gold pieces
  7449 | D        | Bought a potion of haste for 170 gold pieces
  7449 | D        | Bought a potion of curing for 51 gold pieces
  7449 | D        | Bought a potion of berserk rage for 85 gold pieces
  7883 | D        | Reached skill level 21 in Fighting
  8202 | D        | Noticed a nagaraja
  8324 | D        | Killed a nagaraja
  8641 | D        | Found Vuses's Magic Scroll Shop.
  8641 | D        | Found Tas Ikh's Book Shoppe.
  8645 | D        | Found Okkimer's Antique Weapon Boutique.
  8651 | D        | Bought a scroll of brand weapon for 240 gold pieces
  8655 | D        | Bought 2 scrolls of identify for 48 gold pieces
  8655 | D        | Bought a scroll of identify for 24 gold pieces
  8674 | D        | Got a serpentine rune of Zot
  8968 | D        | Reached skill level 22 in Fighting
  8973 | D        | Noticed a deep elf demonologist
  9023 | D        | Noticed a deep elf annihilator
  9024 | D        | Noticed a deep elf death mage
  9121 | D        | Noticed a deep elf annihilator
  9121 | D        | Noticed a deep elf death mage
  9122 | D        | Noticed a deep elf master archer
  9123 | D        | Noticed a Brimstone Fiend
  9130 | D        | Killed a deep elf annihilator
  9134 | D        | Killed a ghostly deep elf annihilator
  9146 | D        | HP: 2/145 [Brimstone Fiend/damnation[a deep elf
                  | demonologist] (26)]
  9400 | D        | Identified the +9 quarterstaff of Harmony {freeze, rF+ rN+}
  9401 | D        | Noticed a deep elf annihilator
  9407 | D        | Killed a deep elf death mage
  9496 | D        | Killed a deep elf death mage
  9499 | D        | Noticed a Brimstone Fiend
  9510 | D        | Killed a deep elf master archer
  9521 | D        | Killed a deep elf demonologist
  9524 | D        | Killed a deep elf annihilator
  9528 | D        | Killed a deep elf annihilator
  9623 | D        | Identified the amulet "Oqoin" {Regen+ Dex+3}
  9623 | D        | Identified the ring "Repror" {rF+ rC+ Int+2}
  9859 | D        | Reached skill level 23 in Fighting
  9869 | D        | Noticed Chuck
  9885 | D        | Killed Chuck
  9886 | D        | Reached skill level 5 in Evocations
  9886 | D        | Reached XP level 14. HP: 157/157 MP: 13/13
  9895 | D        | Identified the +7 dagger of the Heavens {flame, Will++}
  9942 | D        | Noticed a bone dragon
  9965 | D        | Killed a bone dragon
 10159 | D        | Noticed a bone dragon
 10174 | D        | Killed a bone dragon
 10305 | D        | Reached skill level 1 in Throwing
 10444 | D        | Noticed a bone dragon
 10450 | D        | Killed a bone dragon
 10577 | D        | Noticed a bone dragon
 10584 | D        | Killed a bone dragon
 10585 | D        | Reached skill level 24 in Fighting
 10606 | D        | Noticed a vampire knight
 10611 | D        | Killed a vampire knight
 10618 | D        | Noticed a vampire knight
 10625 | D        | Paralysed by a vampire knight for 7 turns
 10635 | D        | Killed a vampire knight
 10905 | D        | Noticed a vampire knight
 10909 | D        | Killed a vampire knight
 11092 | D        | Paralysed by an air elemental for 1 turns
 11100 | D        | Paralysed by an air elemental for 1 turns
 11104 | D        | Paralysed by an air elemental for 1 turns
 11667 | D        | Bought an encrusted scale mail for 315 gold pieces
 11667 | D        | Identified the +8 scale mail of Moral Flaws {Str+4 Dex+6
                  | Slay-2 SInv} (You bought it in a shop in the Dungeon)
 11681 | D        | Noticed Boris
 11697 | D        | Killed Boris
 11954 | D        | Found Yfusu's Armour Emporium.
 11954 | D        | Found Dyrronal's Armour Shop.
 11954 | D        | Found Kenliann's Distillery.
 11954 | D        | Found Vesomaz's Distillery.
 11963 | D        | Reached skill level 25 in Fighting
 11977 | D        | Bought a potion of curing for 39 gold pieces
 11977 | D        | Bought a potion of heal wounds for 65 gold pieces
 11977 | D        | Bought a potion of berserk rage for 65 gold pieces
 11977 | D        | Bought a potion of resistance for 130 gold pieces
 11977 | D        | Bought 2 potions of invisibility for 208 gold pieces
 11978 | D        | Bought 2 potions of curing for 84 gold pieces
 11978 | D        | Bought 2 potions of heal wounds for 140 gold pieces
 11978 | D        | Bought 2 potions of curing for 84 gold pieces
 11978 | D        | Bought a potion of resistance for 140 gold pieces
 11986 | D        | Noticed Roxanne
 12008 | D        | Killed Roxanne
 12100 | D        | Found Atzol's Distillery.
 12175 | D        | Bought a potion of haste for 120 gold pieces
 12175 | D        | Bought a potion of might for 48 gold pieces
 12231 | D        | Bought the ring "Goir" {*Corrode rElec rC+ rN++ Str+4} for
                  | 679 gold pieces
 12261 | D        | Noticed Nikola
 12261 | D        | Noticed a storm dragon
 12275 | D        | Killed a storm dragon
 12298 | D        | Killed Nikola
 12467 | D        | Reached skill level 26 in Fighting
 12498 | D        | Reached XP level 15. HP: 139/172 MP: 14/14
 12557 | D        | Noticed a black draconian knight
 12583 | D        | Killed a black draconian knight
 12584 | D        | Reached skill level 15 in Dodging
 12718 | D        | Noticed an Executioner
 12721 | D        | Killed an Executioner
 12782 | D        | Noticed Mennas
 12838 | D        | Killed Mennas
 12839 | D        | Reached skill level 27 in Fighting
 13357 | D        | Noticed Mara
 13368 | D        | Paralysed by a vampire knight for 5 turns
 13374 | D        | HP: 6/174 [vampire knight (9)]
 13374 | D        | Slain by a vampire knight

Illustrated notes

Levels and vault maps discovered:
D:        dungeon_sprint_mu [sprint_mu_entry_cave, sprint_mu_temple_rooms,
          sprint_mu_d1_horrors, sprint_mu_d2_genie, sprint_mu_d3_branching,
          sprint_mu_orc_legion, sprint_mu_elf_gauntlet, sprint_mu_hive_nellie,
          sprint_mu_lair_fedhas, sprint_mu_vaults_butterflies,
          sprint_mu_slime_circle, sprint_mu_swamp_cave, sprint_mu_snake_twists,
          sprint_mu_blade_basic, sprint_mu_crypt_chambers,
          sprint_mu_tomb_spiral, sprint_mu_vestibule_basic,
          sprint_mu_gehenna_hellfire, sprint_mu_dis_giant,
          sprint_mu_tartarus_statrot, sprint_mu_cocytus_islands, sprint_mu_zot1]

Skill      XL: |  1  2  3  4  5  6  7  8  9 10 11 12 13 14 15 |
---------------+----------------------------------------------+-----
Fighting       | 5 7 8 10 11 12 13 15 18 20 23 26 27 | 27.0
Armour         | 5 7 8 9 10 12 13 14 15 17 19 21 22 | 22.6
Shields        | 5 6 7 8 9 10 11 12 14 15 17 21 22 | 22.2
Maces & Flails | 3 4 5 6 8 11 13 15 17 19 21 23 26 | 26.7
Dodging        | 1 2 4 7 9 10 11 14 16 | 16.1
Stealth        | 1 2 3 4 7 8 9 |  9.9
Evocations     | 1 2 3 5 6 7 |  7.0
Throwing       | 1 3 |  3.1

Action                   |  1- 3 |  4- 6 |  7- 9 | 10-12 | 13-15 || total
-------------------------+-------+-------+-------+-------+-------++-------
Melee: Flail             |    13 |    25 |    76 |       |       ||   114
       Headbutt          |     2 |    10 |    18 |    86 |   172 ||   288
       Morningstar       |       |       |    11 |   316 |   111 ||   438
       Eveningstar       |       |       |       |    29 |       ||    29
       Demon whip        |       |       |       |     6 |   483 ||   489
Throw: Dart              |       |       |       |       |     7 ||     7
Invok: Potion Petition   |       |       |     1 |     5 |     2 ||     8
       Call Merchant     |       |       |       |     2 |     3 ||     5
Evoke: Condenser vane    |       |       |     4 |     3 |     4 ||    11
       Wand              |       |       |       |       |    12 ||    12
       Phantom mirror    |       |       |       |       |     1 ||     1
  Use: Potion            |     1 |     2 |     5 |     4 |    12 ||    24
       Scroll            |       |       |     1 |     6 |     9 ||    16
 Stab: Confused          |       |       |     1 |     6 |       ||     7
       Distracted        |       |       |       |     2 |     6 ||     8
       Invisible         |       |       |       |     2 |       ||     2
Armor: Scale mail        |     3 |     6 |    42 |    23 |    55 ||   129
       Chain mail        |       |       |       |    59 |   107 ||   166
Dodge: Dodged            |     5 |     4 |    34 |   121 |   172 ||   336
Block: Buckler           |     2 |     3 |    27 |    78 |   189 ||   299
       Reflection        |       |       |       |       |    19 ||    19

Table legend: (Time is in decaauts) A = Elapsed time spent in this place. B = Non-inter-level travel time spent in this place. C = Inter-level travel time spent in this place. D = Time resting spent in this place. E = Time spent auto-exploring this place. F = Levels seen in this place. G = Mean time per level. A B C D E F G +--------+--------+--------+--------+--------+-----+--------+ Total | 13010 | 12953 | 57 | 8776 | 103 | 1 | 13010.0 | Dungeon | 13010 | 12953 | 57 | 8776 | 103 | 1 | 13010.0 | +--------+--------+--------+--------+--------+-----+--------+

Top non-repeatable levels by time:
       D: 13010 daAuts
